 Dungeon Crawl Stone Soup version 0.29-a0-72-g1732ff48e7 (webtiles) character file.

Game seed: 310609191718832587

518 vineage the Skirmisher (level 7, 0/48 HPs)
             Began as a Gargoyle Fighter on Feb 3, 2022.
             Was a Follower of Okawaru.
             Slain by Grinder (2 damage)
             ... while paralysed by Grinder
             ... on level 5 of the Dungeon.
             The game lasted 00:03:21 (4307 turns).

vineage the Skirmisher (Gargoyle Fighter)           Turns: 4307, Time: 00:03:22

Health: 0/48       AC: 14    Str: 20    XL:     7   Next: 21%
Magic:  7/7        EV:  2    Int:  8    God:    Okawaru [*.....]
Gold:   305        SH:  0    Dex: 17    Spells: 6/6 levels left

rFire   . . .      SeeInvis .   a - +0 flail
rCold   . . .      Faith    .   g - +0 kite shield
rNeg    + . .      Spirit   .   b - +0 scale mail
rPois   ∞          Reflect  .   (no helmet)
rElec   +          Harm     .   (no cloak)
rCorr   .          Rampage  .   (no gloves)
Will    .....                   c - +2 pair of boots
Stlth   ..........              (no amulet)
HPRegen 0.16/turn               k - +6 ring of dexterity
MPRegen 0.10/turn               (no ring)

@: paralysed
A: sickness immunity, AC +4, negative energy resistance 1, electricity
resistance, torment resistance 1, petrification resistance
a: Renounce Religion, Heroism


You were on level 5 of the Dungeon.
You worshipped Okawaru.
Okawaru was aware of your devotion.
You visited 2 branches of the dungeon, and saw 6 of its levels.

You collected 305 gold pieces.

Inventory:

Hand Weapons
 a - a +0 flail (weapon)
Armour
 b - a +0 scale mail (worn)
 c - a +2 pair of boots (worn)
 g - a +0 kite shield (worn)
Jewellery
 k - a +6 ring of dexterity (left hand)
Scrolls
 e - 2 scrolls of teleportation
Potions
 f - a potion of heal wounds
 h - a potion of curing
 i - a potion of attraction
 j - a potion of lignification


   Skills:
 * Level 7.4 Fighting
 + Level 4.6 Maces & Flails
 - Level 3.2 Armour
 - Level 3.2 Shields


You had 6 spell levels left.
You didn't know any spells.
Your spell library contained the following spells:

 Spells                   Type           Power      Damage    Failure   Level
 Magic Dart               Conj           0%         1d3       98%         1
 Corpse Rot               Necr/Air       0%         N/A       99%         2
 Poisonous Vapours        Pois/Air       0%         N/A       99%         2
 Static Discharge         Conj/Air       0%         N/A       99%         2
 Mephitic Cloud           Conj/Pois/Air  0%         N/A       100%        3
 Lightning Bolt           Conj/Air       0%         1d11      100%        5
 Maxwell's Capacitive Co  Air            0%         ∞         100%        8
 Call Imp                 Summ           Unusable   N/A       N/A         2

Dungeon Overview and Level Annotations

Branches:
Dungeon (5/15)             Temple (1/1) D:4

Altars:
Cheibriados
Hepliaklqana
Okawaru
Ru
Sif Muna
Xom
Yredelemnul

Shops:
D:3 (

Annotations:
D:5 Grinder


Innate Abilities, Weirdness & Mutations

You are immune to sickness and miasma.
Your stone body is resilient. (AC +4)
You are immune to poison.
You resist negative energy. (rN+)
You are resistant to electric shocks. (rElec)
You are resistant to unholy torment.
You are immune to petrification.


Message History

Things that are here:
a +0 flail; a +0 chain mail You are too injured to fight recklessly!
You are too injured to fight recklessly!
You are too injured to fight recklessly!
You are too injured to fight recklessly!
You are too injured to fight recklessly!
You are too injured to fight recklessly!
You are too injured to fight recklessly!
You are too injured to fight recklessly!
You are too injured to fight recklessly!
You are too injured to fight recklessly!
You are too injured to fight recklessly!
You are too injured to fight recklessly!
You are too injured to fight recklessly!
You are too injured to fight recklessly!
You are too injured to fight recklessly!
You are too injured to fight recklessly!
Grinder zaps a wand.
The puff of flame hits you.
There is a stone staircase leading up here.
You sock Grinder!
Grinder is moderately wounded.
Grinder gestures at you. Pain shoots through your body!
You barely miss Grinder.
Grinder is moderately wounded.
Grinder gestures at you.
You suddenly lose the ability to move!
Grinder hits you.
* * * LOW HITPOINT WARNING * * *
You writhe in agony.
* * * LOW HITPOINT WARNING * * *
Grinder hits you.
* * * LOW HITPOINT WARNING * * *
You writhe in agony.
* * * LOW HITPOINT WARNING * * *
Grinder hits you but does no damage. Grinder hits you.
* * * LOW HITPOINT WARNING * * *
You writhe in agony.
You die...

.. # .. ..##.
... .... .... #
##..###....
..###....#.....
..............#
.#.......#
.......).#.#..#
.##...5@...)...
#.............
..............?
...!.......$.##
...#.....##....
...#..<... ...#
.. #...... ...
........ ..


You could see Grinder.

Vanquished Creatures
  A black bear (D:4)
  A necrophage (D:4)
  A water moccasin zombie (D:5)
  2 hounds (D:4)
  A centaur skeleton (D:4)
  An iguana (D:4)
  4 gnolls (D:4)
  5 adders
  An adder skeleton (D:4)
  2 worms
  2 dart slugs
  3 orcs
  3 ball pythons
  3 endoplasms
  2 giant cockroaches
  8 goblins
  5 hobgoblins
  9 kobolds
  4 quokkas
  7 bats
  5 frilled lizards
  10 rats
80 creatures vanquished.

Vanquished Creatures (others)
  A withered plant (D:1)
1 creature vanquished.

Grand Total: 81 creatures vanquished

Notes
Turn   | Place    | Note
-------+----------+-------------------------------------------
     0 | D:1      | vineage the Gargoyle Fighter began the quest for the Orb.
     0 | D:1      | Reached XP level 1. HP: 14/14 MP: 1/1
    24 | D:1      | Found a faded altar of an unknown god.
   103 | D:1      | Reached XP level 2. HP: 17/20 MP: 2/2
   959 | D:1      | Reached skill level 4 in Fighting
  1253 | D:2      | Reached XP level 3. HP: 22/24 MP: 3/3
  1666 | D:2      | Reached XP level 4. HP: 27/30 MP: 4/4
  1838 | D:2      | Found a sacrificial altar of Ru.
  1905 | D:3      | Found Lets's Weapon Emporium.
  2168 | D:3      | Reached skill level 5 in Fighting
  2797 | D:4      | Reached XP level 5. HP: 35/35 MP: 5/5
  2847 | D:4      | HP: 1/36 [gnoll (6)]
  3314 | D:4      | Found a staircase to the Ecumenical Temple.
  3345 | Temple   | Entered the Ecumenical Temple
  3378 | Temple   | Became a worshipper of Warmaster Okawaru
  3487 | D:4      | Noticed a necrophage
  3498 | D:4      | Killed a necrophage
  3499 | D:4      | Reached skill level 6 in Fighting
  3499 | D:4      | Reached XP level 6. HP: 37/42 MP: 6/6
  3677 | D:4      | Reached * piety under Okawaru
  4100 | D:4      | Noticed a black bear
  4109 | D:4      | Killed a black bear
  4110 | D:4      | Reached skill level 7 in Fighting
  4110 | D:4      | Reached XP level 7. HP: 38/48 MP: 7/7
  4282 | D:5      | Entered Level 5 of the Dungeon
  4285 | D:5      | Noticed Grinder
  4297 | D:5      | Paralysed by Grinder for 2 turns
  4304 | D:5      | Paralysed by Grinder for 7 turns
  4307 | D:5      | HP: 2/48 [Grinder (2)]
  4307 | D:5      | Slain by Grinder

Illustrated notes

Levels and vault maps discovered:
D:1:      dpeg_arrival_houses_and_road, layout_loops_ring,
          ebering_ecumenical_altar_petrified, kennysheep_minor_cross
D:2:      layout_loops_ring, basic_altar
D:3:      layout_loops_ring, serial_shops, nicolae_shop_hallway_stairs
D:4:      layout_basic, temple_pool_b, mrwooster_statue_mirror,
          minmay_increasing_density
D:5:      layout_cave_pools, feat_on_display, uniq_grinder, uniq_sigmund
Temple:   minmay_crystal_snake_temple

Skill      XL: |  1  2  3  4  5  6 |
---------------+-------------------+-----
Fighting       | 4 5 6 7 |  7.4
Maces & Flails | 3 4 |  4.6
Armour         | |  3.2
Shields        | |  3.2

Action                   |  1- 3 |  4- 6 |  7- 9 || total
-------------------------+-------+-------+-------++-------
Melee: Flail             |    93 |   144 |    17 ||   254
  Use: Scroll            |     4 |     2 |     3 ||     9
       Potion            |       |     1 |       ||     1
Armor: Scale mail        |    62 |    82 |     9 ||   153
Dodge: Dodged            |    40 |    50 |     4 ||    94
Block: Buckler           |     7 |       |       ||     7
       Kite shield       |    32 |    76 |     8 ||   116

Table legend: (Time is in decaauts)
 A = Elapsed time spent in this place.
 B = Non-inter-level travel time spent in this place.
 C = Inter-level travel time spent in this place.
 D = Time resting spent in this place.
 E = Time spent auto-exploring this place.
 F = Levels seen in this place.
 G = Mean time per level.
                   A        B        C        D        E       F      G
               +--------+--------+--------+--------+--------+-----+--------+
         Total |   4410 |   4211 |    199 |    283 |   3276 |   6 |  735.0 |
       Dungeon |   4363 |   4185 |    178 |    283 |   3255 |   5 |  872.6 |
        Temple |     46 |     25 |     21 |      0 |     21 |   1 |   46.0 |
               +--------+--------+--------+--------+--------+-----+--------+

Top non-repeatable levels by time:
     D:4: 1483 daAuts
     D:1: 1118 daAuts
     D:3: 899 daAuts
     D:2: 831 daAuts
  Temple: 46 daAuts
     D:5: 30 daAuts
